 Dungeon Crawl Stone Soup version 0.30-a0-354-g6b83867211 (webtiles) character file.

Game seed: 16132381598622397337

190 avis the Chiller (level 5, -3/38 (41) HPs)
             Began as a Demigod Ice Elementalist on Nov 8, 2022.
             Slain by a hell rat (11 damage)
             ... in a sewer.
             The game lasted 00:21:47 (3673 turns).

avis the Chiller (Demigod Ice Elementalist)         Turns: 3673, Time: 00:21:47

HP:   -3/38 (41)    AC: 10    Str:  9    XL:     5   Next: 17%
MP:   15/20         EV: 12    Int: 17    God:
Gold: 124           SH:  0    Dex: 14    Spells: 2/9 levels left

rFire   . . .      SeeInvis .    w - +5 hand axe of Qecaun {freeze, rC+}
rCold   + + +      Faith    .    (no shield)
rNeg    + . .      Spirit   .    h - +0 robe
rPois   .          Reflect  .    r - +0 helmet
rElec   +          Harm     .    y - +0 cloak
rCorr   .          Rampage  .    (no gloves)
Will    .....                    (no boots)
Stlth   ++........               (no amulet)
HPRegen 0.26/turn                x - ring of magical power
MPRegen 0.17/turn                z - ring of Sackouq {+Blink rElec rC+++ rN+ Dex-4}

@: ice-armoured, freezing walls, drained
A: high MP 1, forlorn, divine attributes
a: Evoke Blink


You were in a sewer.
You visited 1 branch of the dungeon, and saw 4 of its levels.
You also visited: Sewer.

You collected 124 gold pieces.

Inventory:

Hand Weapons
 a - a +1 falchion
 b - a +0 sling
 q - a +0 short sword
 w - the +5 hand axe of Qecaun (weapon) {freeze, rC+}
   (You took it off a kobold on level 3 of the Dungeon)

   It freezes those it strikes, dealing additional cold damage.
   It can also slow down cold-blooded creatures.
   rC:        It protects you from cold.
Missiles
 d - 19 stones
 l - 3 boomerangs
 n - 5 poisoned darts
Armour
 h - a +0 robe (worn)
 r - a +0 helmet (worn)
 y - a +0 cloak (worn)
Magical Staves
 e - a staff of air
Jewellery
 t - an amulet of guardian spirit
 x - a ring of magical power (left hand)
 z - the ring of Sackouq (right hand) {+Blink rElec rC+++ rN+ Dex-4}
   (You found it on level 3 of the Dungeon)

   [ring of positive energy]

   Dex:       It affects your dexterity (-4).
   rC:        It renders you almost immune to cold.
   rElec:     It insulates you from electricity.
   rN:        It protects you from negative energy.
   +Blink:    It lets you blink.
Scrolls
 c - 3 scrolls of teleportation {unknown}
 i - 3 scrolls of vulnerability {unknown}
 j - a scroll of magic mapping
Potions
 f - 3 potions of curing
 g - a potion of brilliance
 k - a potion of heal wounds {unknown}
 m - a potion of might {unknown}
 p - a potion of lignification {unknown}
 u - a potion of magic


   Skills:
 - Level 2.0 Fighting
 - Level 1.7 Dodging
 - Level 1.7 Stealth
 - Level 2.5 Spellcasting
 * Level 5.3 Ice Magic


You had 2 spell levels left.
You knew the following spells:

 Your Spells              Type           Power      Damage    Failure   Level
a - Freeze                Ice            80%        1d9       1%          1
o - Ozocubu's Armour      Ice            20%        N/A       6%          3
r - Frozen Ramparts       Ice            40%        1d7       6%          3

Your spell library contained the following spells:

 Spells                   Type           Power      Damage    Failure   Level
 Apportation              Tloc           4%         N/A       19%         1
 Shock                    Conj/Air       8%         1d3       19%         1
 Gell's Gravitas          Tloc           2%         N/A       50%         3
 Ignite Poison            Fire/Tmut/Pois 2%         N/A       50%         3
 Inner Flame              Hex/Fire       2%         N/A       50%         3
 Kindle Blastsparks       Fire/Tloc/Air  4%         2d10      50%         3
 Swiftness                Air            2%         N/A       50%         3
 Summon Ice Beast         Ice/Summ       11%        N/A       52%         4
 Airstrike                Air            1%         2d(1-17)  88%         4
 Cause Fear               Hex            1%         N/A       88%         4
 Freezing Cloud           Conj/Ice/Air   4%         6-21      94%         5
 Simulacrum               Ice/Necr       5%         N/A       100%        6
 Discord                  Hex            1%         N/A       100%        8


Dungeon Overview and Level Annotations

Branches:
Dungeon (4/15)              Sewer (1/1)
 Temple: D:4-7

Annotations:
D:2 1 runed translucent door, exclusion: door


Innate Abilities, Weirdness & Mutations

You have an increased reservoir of magic. (+10% MP)
You shall have no god before yourself.
Your divine heritage dramatically boosts your attributes as you level up.


Message History

The rat twitches its whiskers.
You hit the rat. You freeze the rat.
You kill the rat!
You start resting.
Magic restored.
You open the door.
A hell rat comes into view.
Found seven items.
Found a gate leading back out of this place.
The hell rat roars deafeningly!
There is an open door here.
Casting: Frozen Ramparts (dangerous; 6% risk of failure)
Confirm with . or Enter, or press ? or * to list all spells.
Casting: Frozen Ramparts (dangerous; 6% risk of failure)
Press: ? - help, Dir - look around, f - activate The walls around you are covered in ice.
The wall freezes the hell rat but does no damage.
You hit the hell rat. You freeze the hell rat.
The hell rat is lightly wounded.
The wall freezes the hell rat but does no damage.
The hell rat misses you.
The wall freezes the hell rat.
The hell rat bites you.
You closely miss the hell rat.
The hell rat is moderately wounded.
The wall freezes the hell rat.
The hell rat bites you!
You barely miss the hell rat.
The hell rat is heavily wounded.
The wall freezes the hell rat but does no damage.
The hell rat barely misses you.
The wall freezes the hell rat but does no damage.
The hell rat bites you! You partially resist.
You feel drained.
Casting: Frozen Ramparts (dangerous; 6% risk of failure)
Confirm with . or Enter, or press ? or * to list all spells.
A film of ice covers your body!
The wall freezes the hell rat.
The hell rat bites you!
* * * LOW HITPOINT WARNING * * *
You partially resist.
You feel drained.
You barely miss the hell rat.
The hell rat is severely wounded.
The wall freezes the hell rat.
The hell rat bites you!
You die...

###..†~~∩~~..~#
#~..~~#####...~~
##.~.###!∩!###~.~
#...##~?!?!?~##~~
#~~†#~..~~~~~.#
~~ #.~~##~~~~~~~
.~~ ##~.~###.~~#
#~..#
#~.†~†##r##.....#
###~~~~.@.†.~.#
###..†~.~~###
#########


You could see a hell rat.

Vanquished Creatures
  Robin (D:2)
  6 adders
  3 river rats (Sewer)
  A worm (D:3)
  A dart slug (D:4)
  3 bats
  4 endoplasms
  12 giant cockroaches
  12 goblins
  5 hobgoblins
  8 jackals
  6 quokkas
  4 ball pythons
  2 frilled lizards (D:1)
  7 kobolds
  12 rats
87 creatures vanquished.

Notes
Turn   | Place    | Note
-------+----------+-------------------------------------------
     0 | D:1      | avis the Demigod Ice Elementalist began the quest for the
                  | Orb.
     0 | D:1      | Reached XP level 1. HP: 14/14 MP: 5/5
   260 | D:1      | Reached skill level 1 in Fighting
   567 | D:1      | Reached XP level 2. HP: 23/23 MP: 2/7
   864 | D:2      | Reached skill level 4 in Ice Magic
   946 | D:2      | Reached XP level 3. HP: 28/28 MP: 6/9
   987 | D:2      | Learned a level 3 spell: Frozen Ramparts
   991 | D:2      | Learned a level 3 spell: Ozocubu's Armour
  1109 | D:2      | Got the Vademecum on the Spatial Chill
  1404 | D:2      | Noticed Robin
  1429 | D:2      | Killed Robin
  1806 | D:2      | Reached XP level 4. HP: 35/35 MP: 3/10
  2353 | D:2      | Found a runed translucent door.
  2633 | D:3      | Reached skill level 5 in Ice Magic
  2963 | D:3      | Identified the +5 hand axe of Qecaun {freeze, rC+}
  3126 | D:3      | Identified the ring of Sackouq {+Blink rElec rC+++ rN+
                  | Dex-4}
  3522 | D:4      | Found a glowing drain.
  3531 | Sewer    | Entered a sewer
  3567 | Sewer    | Reached XP level 5. HP: 28/41 MP: 9/11
  3673 | Sewer    | Slain by a hell rat

Illustrated notes

Levels and vault maps discovered:
D:1:      dpeg_arrival_pond, layout_loops_ring
D:2:      layout_loops_ring, uniq_crazy_yiuf_cottage, uniq_robin
D:3:      minmay_roachtagon, layout_basic, minmay_misc_feat_alley
D:4:      layout_basic, trog_ov_bears_minmay, gup_sewer_entry_pipe,
          minmay_manual_maat
Sewer:    sewer_hellmonk_bad_rat

Skill      XL: |  1  2  3  4 |
---------------+-------------+-----
Fighting       | 1 2 |  2.0
Ice Magic      | 4 5 |  5.3
Spellcasting   | 2 |  2.5
Dodging        | |  1.7
Stealth        | |  1.7

Action                   |  1- 3 |  4- 6 || total
-------------------------+-------+-------++-------
Melee: Short sword       |    21 |       ||    21
       Falchion          |     4 |    13 ||    17
       Hand axe          |       |    39 ||    39
 Cast: Freeze            |    34 |    16 ||    50
       Frozen Ramparts   |     6 |    16 ||    22
       Ozocubu's Armour  |     2 |     7 ||     9
  Use: Scroll            |       |     5 ||     5
 Stab: Sleeping          |     5 |     6 ||    11
Armor: Robe              |    10 |    13 ||    23
Dodge: Dodged            |    34 |    33 ||    67

Table legend: (Time is in decaauts)
 A = Elapsed time spent in this place.
 B = Non-inter-level travel time spent in this place.
 C = Inter-level travel time spent in this place.
 D = Time resting spent in this place.
 E = Time spent auto-exploring this place.
 F = Levels seen in this place.
 G = Mean time per level.
                   A        B        C        D        E       F      G
               +--------+--------+--------+--------+--------+-----+--------+
         Total |   3694 |   3507 |    187 |   1247 |   1491 |   5 |  738.8 |
       Dungeon |   3543 |   3356 |    187 |   1170 |   1491 |   4 |  885.8 |
         Sewer |    150 |    150 |      0 |     77 |      0 |   1 |  150.0 |
               +--------+--------+--------+--------+--------+-----+--------+

Top non-repeatable levels by time:
     D:2: 1662 daAuts
     D:3: 917 daAuts
     D:1: 866 daAuts
   Sewer: 150 daAuts
     D:4: 98 daAuts
